 Dungeon Crawl Stone Soup version 0.31.0-12-g77e489cdc1 (webtiles) character file.

Game seed: 12507158311950961816

565 ezpacito the Chopper (level 7, 0/55 HPs)
             Began as a Demonspawn Berserker on Feb 15, 2024.
             Was a Believer of Trog.
             Slain by a black bear (11 damage)
             ... on level 5 of the Dungeon.
             The game lasted 00:05:53 (3318 turns).

ezpacito the Chopper (Demonspawn Berserker)         Turns: 3318, Time: 00:05:54

Health: 0/55       AC: 12    Str: 19    XL:     7   Next: 10%
Magic:  7/7        EV:  7    Int:  7    God:    Trog [**....]
Gold:   157        SH:  0    Dex: 19    Spells: 6/6 levels left

rFire   . . .        a - +0 hand axe
rCold   + . .        p - orb {*Rage}
rNeg    . . .        g - +0 plate armour
rPois   .            (no helmet)
rElec   .            (no cloak)
rCorr   .            (no gloves)
SInv    .            (no boots)
Will    ++...        o - amulet of regeneration Stlth
                     b - +6 ring of dexterity
HPRegen 2.09/turn    t - ring of protection from cold
MPRegen 0.20/turn

%: random rage (20%)
@: strong-willed, on berserk cooldown, regenerating, slowed, very slow
A: hooves 1, rugged brown scales 1, demonic guardian 1, magic regeneration
a: Renounce Religion, Berserk, Trog's Hand


You were on level 5 of the Dungeon.
You worshipped Trog.
Trog was pleased with you.
You visited 1 branch of the dungeon, and saw 5 of its levels.

You collected 331 gold pieces.
You spent 174 gold pieces at shops.

Inventory:

Hand Weapons
 a - a +0 hand axe (weapon)
 D - a +2 vampiric trident
Missiles
 c - 79 stones (quivered)
 i - 13 poisoned darts
 A - 4 curare-tipped darts
Armour
 g - a +0 plate armour (worn)
 p - an orb of wrath (worn)
Jewellery
 b - a +6 ring of dexterity (left hand)
 m - a ring of fire
 o - an amulet of regeneration (around neck)
 t - a ring of protection from cold (right hand)
 w - an amulet of magic regeneration
 F - a ring of poison resistance
Talismans
 s - a serpent talisman
Wands
 u - a wand of polymorph (12)
 v - a wand of acid (7)
 z - a wand of paralysis (4)
 B - a wand of iceblast (11)
Scrolls
 d - a scroll of revelation
 h - a scroll of enchant weapon
 k - a scroll of amnesia {unknown}
 l - a scroll of butterflies {unknown}
 n - a scroll of noise {unknown}
 x - a scroll of fog {unknown}
 E - a scroll of blinking {unknown}
 G - a scroll of teleportation {unknown}
Potions
 e - 2 potions of curing
 f - a potion of heal wounds {unknown}
 j - a potion of brilliance {unknown}
 q - 2 potions of mutation
 r - a potion of degeneration {unknown}
 C - a potion of berserk rage {unknown}
 H - a potion of attraction {unknown}


   Skills:
 * Level 4.1 Fighting
 * Level 4.9 Axes
 * Level 3.4 Armour
 * Level 2.7 Dodging
 * Level 2.0 Stealth
 * Level 1.8 Unarmed Combat
 * Level 0.2 Evocations
 * Level 0.2 Shapeshifting


You had 6 spell levels left.
You didn't know any spells.
Your spell library contained the following spells:

 Spells                   Type           Power      Damage    Failure   Level
 Slow                     Hex            0%         N/A       100%        1
 Blink                    Tloc           0%         N/A       100%        2
 Lesser Beckoning         Tloc           0%         N/A       100%        2
 Momentum Strike          Conj/Tloc      0%         3d8       100%        2
 Confusing Touch          Hex            0%         N/A       100%        3
 Dazzling Flash           Conj/Hex       0%         N/A       100%        3
 Mephitic Cloud           Conj/Alch/Air  0%         N/A       100%        3
 Sigil of Binding         Hex            0%         N/A       100%        3
 Vampiric Draining        Necr           0%         2d6       100%        3
 Curse of Agony           Necr           0%         N/A       100%        5
 Silence                  Hex/Air        0%         N/A       100%        5


Dungeon Overview and Level Annotations

Branches:
Dungeon (5/15)
 Temple: D:4-7

Altars:

Shops:
D:1 [   D:3 *   D:4 (


Innate Abilities, Weirdness & Mutations

You have large cloven feet.
You are partially covered in rugged brown scales. (AC +1, +3% HP)
A weak demonic guardian rushes to your aid.
You regenerate magic rapidly.


Message History

The black bear is severely wounded.
The black bear barely misses you. The black bear claws you.
The black bear claws you but does no damage.
The black bear bites you!
The black bear claws you but does no damage. x2
You hit the black bear.
The black bear is severely wounded.
The black bear bites you. The black bear claws you.
The black bear barely misses you. The black bear bites you.
The black bear closely misses you.
The black bear claws you but does no damage.
The black bear bites you. The black bear closely misses you.
The black bear claws you but does no damage.
Your skin crawls.
You feel strong-willed.
The black bear bites you but does no damage.
The black bear claws you but does no damage.
The black bear claws you.
* * * LOW HITPOINT WARNING * * *
A demonic guardian appears!
The black bear closely misses you.
The black bear claws you but does no damage.
The black bear barely misses you.
You hit the black bear. You kick the black bear.
The black bear is almost dead.
The black bear bites you.
* * * LOW HITPOINT WARNING * * *
The black bear claws you but does no damage.
The black bear claws you.
* * * LOW HITPOINT WARNING * * *
The black bear barely misses you.
The black bear claws you but does no damage. x2
You hit the black bear. Your kick misses the black bear.
The black bear is almost dead.
The black bear bites you.
* * * LOW HITPOINT WARNING * * *
The black bear claws you.
* * * LOW HITPOINT WARNING * * *
The black bear claws you but does no damage.
The black bear bites you!
You die...

##### #.... #....
#.... #.... #########
# #.... #.#.#.5.#.#
#.... ##.#..#@.#
###### #....
#.#..###h.# #....#
#....
##..##.##..##.##.#
#....
#..##...##..#.##.#
#.###
#..).....##...##.# #.#
.
#.)##...##..#..#.###.#
.
##.)##.##..###.#.....#
#.#..###..#.# .#######
##.#).#..#.## .#


You could see a black bear (berserk, ally target) and a friendly iron imp
(summoned).

Vanquished Creatures
  An ice beast (D:5)
  A howler monkey (D:5)
  A jelly (D:5)
  A hound (D:5)
  A sleepcap (D:4)
  2 iguanas (D:5)
  Ijyb (D:3)
  Natasha (thrice) (D:3)
  3 gnolls
  5 adders
  A white imp (D:5)
  3 ribbon worms
  10 orcs
  5 endoplasms
  4 giant cockroaches
  8 goblins
  A hobgoblin (D:4)
  6 jackals (D:1)
  4 quokkas
  2 ball pythons
  8 bats
  6 frilled lizards
  4 kobolds
  5 rats
86 creatures vanquished.

Vanquished Creatures (collateral kills)
  2 gnolls (D:4)
  A hobgoblin (D:4)
  A ball python (D:3)
4 creatures vanquished.

Grand Total: 90 creatures vanquished

Notes
Turn   | Place    | Note
-------+----------+-------------------------------------------
     0 | D:1      | ezpacito the Demonspawn Berserker began the quest for the
                  | Orb.
     0 | D:1      | Reached XP level 1. HP: 18/18 MP: 1/1
   129 | D:1      | Gained mutation: You are partially covered in rugged brown
                  | scales. (AC +1, +3% HP) [demonic ancestry]
   129 | D:1      | Reached XP level 2. HP: 5/24 MP: 2/2
   130 | D:1      | HP: 1/24 [jackal (3)]
   246 | D:1      | Found Vauv's Armour Shoppe.
   575 | D:1      | Found a faded altar of an unknown god.
  1032 | D:2      | Gained mutation: A weak demonic guardian rushes to your
                  | aid. [demonic ancestry]
  1032 | D:2      | Reached XP level 3. HP: 22/29 MP: 3/3
  1563 | D:3      | Noticed Natasha
  1567 | D:3      | Reached ** piety under Trog
  1571 | D:3      | Killed Natasha
  1572 | D:3      | Gained mutation: You have large cloven feet. [demonic
                  | ancestry]
  1572 | D:3      | Reached XP level 4. HP: 30/36 MP: 4/4
  1695 | D:3      | Reached skill level 1 in Stealth
  1890 | D:3      | Noticed Natasha
  1901 | D:3      | Killed Natasha
  1902 | D:3      | Reached skill level 1 in Unarmed Combat
  1991 | D:3      | Noticed Natasha
  2002 | D:3      | Killed Natasha
  2003 | D:3      | Reached XP level 5. HP: 42/42 MP: 5/5
  2026 | D:3      | Noticed Ijyb
  2038 | D:3      | Killed Ijyb
  2081 | D:3      | Found Vomomix's Assorted Antiques.
  2089 | D:3      | Bought a square blue amulet for 145 gold pieces
  2089 | D:3      | Bought a scroll labelled OROSEU JIJYTWU for 29 gold pieces
  2400 | D:4      | Found Rulig's Antique Weapon Boutique.
  2740 | D:4      | Reached XP level 6. HP: 43/49 MP: 6/6
  2980 | D:5      | Entered Level 5 of the Dungeon
  3077 | D:5      | Noticed an ice beast
  3093 | D:5      | Killed an ice beast
  3278 | D:5      | Gained mutation: You regenerate magic rapidly. [demonic
                  | ancestry]
  3278 | D:5      | Reached XP level 7. HP: 55/55 MP: 7/7
  3318 | D:5      | Slain by a black bear

Illustrated notes

Levels and vault maps discovered:
D:1:      nzn_arrival_settlement, layout_basic, serial_shops, shop,
          chequers_ecumenical_altar_lobes
D:2:      minmay_spotlight, layout_rooms
D:3:      kennysheep_the_goblin_king, layout_rooms, serial_shops, shop,
          hex_intersection, corner_web_ring, uniq_natasha
D:4:      layout_basic, serial_shops, shop, minmay_misc_feat_nine_boxes,
          minmay_crystal_room
D:5:      minmay_diamond_boxcup, layout_basic, uniq_ijyb, uniq_grinder

Skill      XL: |  1  2  3  4  5  6 |
---------------+-------------------+-----
Axes           | 3 4 |  4.9
Armour         | 2 3 |  3.4
Dodging        | 2 |  2.7
Stealth        | 1 2 |  2.0
Unarmed Combat | 1 |  1.8
Fighting       | 4 |  4.1
Evocations     | |  0.2
Shapeshifting  | |  0.2

Action                     |  1- 3 |  4- 6 |  7- 9 || total
---------------------------+-------+-------+-------++-------
  Melee: Hand axe          |    99 |   125 |    18 ||   242
         Kick              |       |    41 |     7 ||    48
         Unarmed           |       |    15 |       ||    15
 Invoke: Berserk           |     1 |     3 |       ||     4
         Trog's Hand       |       |     1 |     1 ||     2
    Use: Scroll            |       |     4 |       ||     4
         Potion            |       |     1 |       ||     1
   Stab: Sleeping          |     3 |       |       ||     3
 Armour: Animal skin       |    26 |       |       ||    26
         Plate armour      |    92 |   142 |    57 ||   291
         Skin              |       |     4 |       ||     4
  Dodge: Dodged            |    47 |    61 |    20 ||   128
